 Dungeon Crawl Stone Soup version 0.28-a0-1227-ga9037bb4c8 (webtiles) character file.

Game seed: 3724774257356925909

385 BinkBink the Magician (level 6, 0/41 HPs)
             Began as a Demonspawn Conjurer on Dec 22, 2021.
             Was a Believer of Fedhas.
             Succumbed to a kobold brigand's curare-tipped dart
             ... in a sewer.
             The game lasted 00:09:04 (4129 turns).

BinkBink the Magician (Demonspawn Conjurer)         Turns: 4129, Time: 00:09:05

Health: 0/41       AC:  5    Str:  7    XL:     6   Next: 48%
Magic:  21/23      EV: 12    Int: 22    God:    Fedhas [**....]
Gold:   137        SH:  0    Dex: 16    Spells: 13/16 levels left

rFire   + + .      SeeInvis .   e - staff of fire
rCold   + . .      Faith    .   (no shield)
rNeg    . . .      Spirit   .   k - +0 robe of Kindness {Dex+5 Stlth+}
rPois   +          Reflect  .   (no helmet)
rElec   +          Harm     .   (no cloak)
rCorr   +          Rampage  .   (no gloves)
Will    .....                   (no boots)
Stlth   +++.......              (no amulet)
HPRegen 0.13/turn               i - ring of magical power
MPRegen 0.18/turn               (no ring)

@: lethally poisoned (0 -> -4), resistant, hasted and slowed
A: claws 1, slimy green scales 2, powered by death 1
a: Renounce Religion, Wall of Briars


You were in a sewer.
You worshipped Fedhas.
Fedhas was pleased with you.
You visited 1 branch of the dungeon, and saw 4 of its levels.
You also visited: Sewer.

You collected 137 gold pieces.

Inventory:

Armour
 a - a +0 robe
 k - the +0 robe of Kindness (worn) {Dex+5 Stlth+}
   (You found it on level 4 of the Dungeon)

   Dex:       It affects your dexterity (+5).
   Stlth:     It makes you more stealthy.
 p - +0 steam dragon scales
Magical Staves
 e - a staff of fire (weapon)
Jewellery
 i - a ring of magical power (left claw)
Scrolls
 b - 5 scrolls of identify {unknown}
 c - a scroll of vulnerability {unknown}
 d - 2 scrolls of brand weapon {unknown}
 f - a scroll of torment {unknown}
 g - a scroll of fear {unknown}
 h - 5 scrolls of teleportation {unknown}
 j - 2 scrolls of amnesia {unknown}
 l - a scroll of noise {unknown}
 n - a scroll of holy word {unknown}
 o - a scroll of immolation {unknown}
 q - a scroll of enchant armour {unknown}


   Skills:
 - Level 1.7 Dodging
 - Level 1.7 Stealth
 + Level 5.6 Spellcasting
 - Level 5.2 Conjurations


You had 13 spell levels left.
You knew the following spells:

 Your Spells              Type           Power      Damage    Failure   Level
a - Magic Dart            Conj           100%       1d8       1%          1
b - Searing Ray           Conj           58%        2d6       1%          2

Your spell library contained the following spells:

 Spells                   Type           Power      Damage    Failure   Level
 Dazzling Flash           Conj/Hex       34%        N/A       10%         3
 Fulminant Prism          Conj/Hex       8%         3d7       32%         4
 Iskenderun's Mystic Bla  Conj/Tloc      17%        2d5       32%         4
 Fireball                 Conj/Fire      13%        3d7       65%         5
 Starburst                Conj/Fire      13%        6d5       99%         6
 Ignition                 Fire           4%         3d4       100%        8


Dungeon Overview and Level Annotations

Branches:
Dungeon (4/15)              Sewer (1/1)
 Temple: D:4-7

Altars:
Fedhas

Annotations:
D:2 1 runed translucent door, Crazy Yiuf


Innate Abilities, Weirdness & Mutations

You have sharp fingernails.
You are mostly covered in slimy green scales. (AC +3)
You regenerate a little health from kills.


Message History

A rat and a kobold brigand come into view.
The kobold brigand is wielding a +0 short sword and quivering curare-tipped darts.
The magic dart hits the kobold brigand.
The kobold brigand is lightly wounded.
The kobold brigand shouts!
The magic dart hits the kobold brigand.
The kobold brigand is moderately wounded.
The magic dart hits the kobold brigand!
The kobold brigand is heavily wounded.
The kobold brigand throws a curare-tipped dart.
The curare-tipped dart hits you.
You are poisoned.
You have difficulty breathing.
You feel yourself slow down.
The magic dart hits the kobold brigand.
The kobold brigand is severely wounded.
You feel very sick.
The kobold brigand throws a curare-tipped dart.
The curare-tipped dart hits you.
You are more poisoned.
You have difficulty breathing.
You feel as though you will be slow longer.
The kobold brigand throws a curare-tipped dart.
The curare-tipped dart misses you.
* * * LOW HITPOINT WARNING * * *
You feel extremely sick.
The kobold brigand throws a curare-tipped dart.
The curare-tipped dart misses you.
You enter the shallow water.
Moving in this stuff is going to be slow.
* * * LOW HITPOINT WARNING * * *
You feel extremely sick.
* * * LOW HITPOINT WARNING * * *
You feel sick.
Okay, then.
It was a potion of haste.
You feel yourself speed up.
* * * LOW HITPOINT WARNING * * *
You feel sick.
You feel protected.
You die...
Fedhas appreciates your contribution to the ecosystem.

#.#.#. .#
#≈#≈#≈ K#
#≈#†#r ≈#
#≈#≈#≈#≈
#≈≈≈#≈.≈
##≈###≈# #≈#
#≈# #.###r#
#≈@≈.≈# ##≈≈≈##
#≈≈≈# #.≈.#
#...## #.
#≈≈.≈## #..
#.≈≈..#####.≈≈≈
##≈.≈.≈≈.≈≈.≈≈.
###≈≈≈≈≈≈≈≈≈#


You could see a rat.

Vanquished Creatures
  A steam dragon (D:4)
  Terence (D:3)
  An orc wizard (D:3)
  Natasha (thrice) (D:2)
  6 adders
  2 worms
  2 dart slugs
  5 orcs (D:3)
  4 ball pythons
  4 bats
  6 endoplasms (D:1)
  2 giant cockroaches
  7 goblins
  3 hobgoblins
  3 quokkas
  4 frilled lizards
  11 kobolds
  5 rats
70 creatures vanquished.

Notes
Turn   | Place    | Note
-------+----------+-------------------------------------------
     0 | D:1      | BinkBink the Demonspawn Conjurer began the quest for the
                  | Orb.
     0 | D:1      | Reached XP level 1. HP: 13/13 MP: 3/3
   280 | D:1      | Gained mutation: You are partially covered in slimy green
                  | scales. (AC +2) [demonic ancestry]
   280 | D:1      | Reached XP level 2. HP: 19/19 MP: 1/5
  1072 | D:2      | Found a faded altar of an unknown god.
  1080 | D:2      | Prayed at the altar of an unknown god.
  1080 | D:2      | Became a worshipper of Fedhas Madash
  1080 | D:2      | Reached * piety under Fedhas
  1132 | D:2      | Gained mutation: You are mostly covered in slimy green
                  | scales. (AC +3) [demonic ancestry]
  1132 | D:2      | Reached XP level 3. HP: 24/24 MP: 2/7
  1650 | D:2      | Noticed Natasha
  1657 | D:2      | Killed Natasha
  1658 | D:2      | Gained mutation: You regenerate a little health from kills.
                  | [demonic ancestry]
  1658 | D:2      | Reached XP level 4. HP: 29/30 MP: 0/8
  1815 | D:2      | Noticed Natasha
  1818 | D:2      | Reached skill level 5 in Conjurations
  1836 | D:2      | Killed Natasha
  2224 | D:2      | Found a runed translucent door.
  2225 | D:2      | Noticed Crazy Yiuf
  2366 | D:2      | Learned a level 2 spell: Searing Ray
  2385 | D:2      | Noticed Natasha
  2390 | D:2      | Killed Natasha
  2391 | D:2      | Reached XP level 5. HP: 35/35 MP: 3/10
  2544 | D:3      | Reached ** piety under Fedhas
  3178 | D:3      | Noticed Terence
  3186 | D:3      | Killed Terence
  3635 | D:4      | Identified the +0 robe of Kindness {Dex+5 Stlth+}
  3859 | D:4      | Noticed a steam dragon
  3873 | D:4      | Killed a steam dragon
  3874 | D:4      | Reached skill level 5 in Spellcasting
  3874 | D:4      | Gained mutation: You have sharp fingernails. [demonic
                  | ancestry]
  3874 | D:4      | Reached XP level 6. HP: 23/41 MP: 11/14
  4019 | D:4      | Found a glowing drain.
  4028 | Sewer    | Entered a sewer
  4128 | Sewer    | HP: 1/41 [poisoned by a kobold brigand (curare-tipped
                  | dart)]
  4129 | Sewer    | Succumbed to a kobold brigand's curare-tipped dart

Illustrated notes

Levels and vault maps discovered:
D:1:      kilobyte_arrival_exit_the_forest, layout_rooms
D:2:      layout_loops_ring, nicolae_ecumenical_pavilion,
          uniq_crazy_yiuf_cottage, uniq_natasha
D:3:      layout_basic, grunt_ministairs_1, small_statue_intersection,
          uniq_terence
D:4:      layout_layer_cave, portal_sewer_entry_d, serial_shops,
          kennysheep_mini_moat, solitary_fountain
Sewer:    sewer_co_tree

Skill      XL: |  1  2  3  4  5 |
---------------+----------------+-----
Spellcasting   | 3 5 |  5.6
Conjurations   | 5 |  5.2
Dodging        | |  1.7
Stealth        | |  1.7

Action                   |  1- 3 |  4- 6 || total
-------------------------+-------+-------++-------
Melee: Staff             |       |    22 ||    22
 Cast: Magic Dart        |    80 |    81 ||   161
       Searing Ray       |       |     6 ||     6
  Use: Potion            |       |     4 ||     4
Armor: Robe              |     2 |     3 ||     5
       Skin              |       |    22 ||    22
Dodge: Dodged            |     8 |    35 ||    43

Table legend: (Time is in decaauts)
 A = Elapsed time spent in this place.
 B = Non-inter-level travel time spent in this place.
 C = Inter-level travel time spent in this place.
 D = Time resting spent in this place.
 E = Time spent auto-exploring this place.
 F = Levels seen in this place.
 G = Mean time per level.
                   A        B        C        D        E       F      G
               +--------+--------+--------+--------+--------+-----+--------+
         Total |   4166 |   4007 |    159 |      0 |   3144 |   5 |  833.2 |
       Dungeon |   4048 |   3889 |    159 |      0 |   3049 |   4 | 1012.0 |
         Sewer |    117 |    117 |      0 |      0 |     94 |   1 |  117.0 |
               +--------+--------+--------+--------+--------+-----+--------+

Top non-repeatable levels by time:
     D:2: 1437 daAuts
     D:3: 1127 daAuts
     D:1: 1080 daAuts
     D:4: 404 daAuts
   Sewer: 117 daAuts
